AoeStats
← KootH.

African Clearing

505250182Analyzed
4v4 RM · 25d ago on Sep 8, 2026· 45m 58s· 8 players
Game mode
Random Map
Map size
Large (8 player)
Population
200
Speed
Normal
Resources
Standard
Victory
Conquest
Starting age
Dark Age
Ending age
Imperial Age
RankedLock teamsTeams togetherTeam positionsShared explorationLock speedFull tech treeHidden civsTurbo modeCheats
Victory
Defeat
🇹🇼 Berbers · Taiwan
1502
+15
🇹🇼 Japanese · Taiwan
1473
+16
🇨🇳 Magyars · China
1462
+16
🇨🇳 Malians · China
1461
+17
🇫🇷 Japanese · France
1509
-17
🇨🇴 Magyars · Colombia
1494
-17
🇺🇸 Hindustanis · United States
1455
-15
🇬🇷 Lithuanians · Greece
1454
-15
KootH.
4:10 Loom
12:43 Feudal Age
17:05 Fletching
36:20 Double-Bit Axe
44:50 Horse Collar
47:58 Castle Age
Rabe3000
4:02 Loom
13:52 Feudal Age
15:20 Double-Bit Axe
22:03 Castle Age
22:22 Pikeman
31:24 Wheelbarrow
35:43 Fletching
40:38 Hand Cart
45:15 Forging
45:54 Bodkin Arrow
CrazyBen
13:38 Feudal Age
14:44 Double-Bit Axe
15:09 Loom
17:47 Castle Age
16:10 Stone Mining
16:49 Loom
18:48 Bow Saw
20:49 Squires
26:02 Fletching
27:24 Bodkin Arrow
33:21 Imperial Age
32:03 Crossbowman
34:33 Conscription
34:34 Thumb Ring
35:53 Ballistics
35:40 Padded Archer Armor
38:36 Bracer
38:56 Elite Skirmisher
40:08 Guard Tower
41:19 Chemistry
40:13 Guard Tower
42:09 Gold Mining
42:53 Yasama
43:32 Leather Archer Armor
45:33 Keep
44:43 Arbalester
Zzulu
8:30 Loom
14:15 Feudal Age
16:16 Double-Bit Axe
18:38 Castle Age
16:46 Horse Collar
20:51 Bow Saw
28:30 Scale Barding Armor
28:36 Forging
31:30 Imperial Age
30:51 Husbandry
31:01 Bloodlines
34:24 Light Cavalry
36:13 Elite Leitis
37:45 Chain Barding Armor
38:01 Iron Casting
38:58 Town Watch
39:49 Wheelbarrow
40:54 Plate Barding Armor
41:51 Iron Casting
41:07 Fletching
41:17 Padded Archer Armor
41:52 Winged Hussar
43:37 Bodkin Arrow
43:26 Elite Skirmisher
44:51 Thumb Ring
Miru
13:15 Feudal Age
14:43 Loom
17:32 Castle Age
16:46 Double-Bit Axe
17:45 Fletching
21:49 Town Watch
23:04 Bodkin Arrow
24:07 Horse Collar
24:41 Bow Saw
28:18 Husbandry
29:19 Padded Archer Armor
31:37 Wheelbarrow
31:42 Ballistics
34:17 Gold Mining
34:18 Stone Mining
37:42 Imperial Age
35:29 Bloodlines
36:38 Leather Archer Armor
36:24 Treadmill Crane
37:31 Kasbah
37:49 Masonry
37:55 Heavy Plow
39:23 Chemistry
38:57 Conscription
38:54 Bracer
39:23 Thumb Ring
38:57 Elite Camel Archer
41:16 Ring Archer Armor
40:54 Scale Barding Armor
41:00 Forging
41:23 Light Cavalry
42:19 Hussar
43:38 Siege Engineers
45:50 Chain Barding Armor
46:49 Iron Casting
博饼
3:46 Loom
14:08 Feudal Age
14:40 Double-Bit Axe
15:30 Horse Collar
21:18 Wheelbarrow
22:55 Bloodlines
22:58 Scale Barding Armor
29:37 Castle Age
30:59 Hand Cart
32:49 Bow Saw
36:53 Heavy Plow
37:29 Stone Mining
37:32 Gold Mining
37:34 Town Watch
39:37 Gold Shaft Mining
39:50 Town Patrol
44:36 Imperial Age
42:31 Chain Barding Armor
42:31 Husbandry
44:41 Cavalier
46:00 Plate Barding Armor
46:30 Two-Man Saw
46:28 Crop Rotation
No_English
8:15 Loom
11:53 Feudal Age
12:10 Man-at-Arms
14:23 Fletching
19:06 Double-Bit Axe
19:04 Horse Collar
26:07 Castle Age
24:33 Stone Mining
24:39 Gold Mining
27:33 Wheelbarrow
27:41 Bow Saw
27:36 Heavy Plow
27:52 Town Watch
30:57 Hand Cart
32:28 Squires
33:20 Gambesons
34:03 Scale Mail Armor
35:27 Chain Mail Armor
35:23 Forging
36:24 Yasama
40:35 Imperial Age
39:11 Gold Shaft Mining
39:13 Iron Casting
38:34 Bodkin Arrow
39:56 Ballistics
39:28 Guard Tower
39:19 Treadmill Crane
39:09 Pikeman
40:36 Padded Archer Armor
40:45 Elite Samurai
41:50 Conscription
42:05 Plate Mail Armor
41:35 Halberdier
45:06 Blast Furnace
44:07 Bracer
45:19 Two-Man Saw
44:36 Arrowslits
45:46 Kataparuto
尛b
13:01 Feudal Age
11:39 Loom
17:04 Castle Age
15:18 Stone Mining
15:15 Double-Bit Axe
21:30 Scale Mail Armor
26:26 Chain Mail Armor
27:50 Forging
29:49 Squires
34:23 Iron Casting
38:03 Imperial Age
36:05 Arson
39:34 Fletching
41:10 Wheelbarrow
40:30 Pikeman
41:43 Plate Mail Armor
Connection lost

Rejoining the realm…

Still unreachable

The connection could not be restored.

Session expired

The server has moved on; the page needs a fresh start.